AoeStats
← Lord Ally

Team Islands

503437945Analyzed
4v4 RM · 1mo ago on Aug 31, 2026· 33m 37s· 8 players
Game mode
Random Map
Map size
242×242
Population
200
Speed
Normal
Resources
Standard
Victory
Conquest
Starting age
Dark Age
Ending age
Imperial Age
RankedLock teamsTeams togetherTeam positionsShared explorationLock speedFull tech treeHidden civsTurbo modeCheats
Victory
Defeat
🇺🇸 Dravidians · United States
1013
+15
🇮🇳 Sicilians · India
1010
+15
🇨🇴 Koreans · Colombia
971
+17
🇬🇧 Bengalis · United Kingdom
954
+17
🇿🇦 Persians · South Africa
1006
-17
🇿🇦 Italians · South Africa
991
-16
🇿🇦 Khmer · South Africa
983
-16
🇿🇦 Huns · South Africa
948
-14
Lord Ally
0:33 Loom
9:57 Feudal Age
10:25 Horse Collar
10:31 Double-Bit Axe
20:21 Castle Age
21:14 Heavy Plow
21:57 Bow Saw
25:46 Gold Mining
27:38 Wheelbarrow
27:02 Stone Mining
31:50 Murder Holes
GrayFoxTrot
15:40 Feudal Age
17:09 Fishing Lines
20:41 Horse Collar
24:13 Castle Age
22:57 Stone Mining
22:55 Double-Bit Axe
24:29 Gold Mining
26:44 Padded Archer Armor
26:36 Fletching
27:46 Gold Shaft Mining
27:52 Marauders
29:19 Thumb Ring
29:19 Husbandry
31:39 Murder Holes
32:06 Ballistics
MartelKwartel
10:29 Feudal Age
10:59 Double-Bit Axe
11:11 Gold Mining
16:55 Castle Age
16:30 Fletching
16:51 Forging
17:21 Crossbowman
18:42 Medium Warships
18:40 Loom
19:59 Bodkin Arrow
21:34 Ballistics
22:31 Padded Archer Armor
23:49 Bow Saw
27:56 Wheelbarrow
31:20 Imperial Age
Kranskabeljou
0:27 Loom
11:48 Feudal Age
12:34 Gold Mining
12:30 Double-Bit Axe
13:37 Horse Collar
15:16 Wheelbarrow
20:58 Castle Age
19:43 Stone Mining
21:41 Medium Warships
21:16 Crossbowman
24:22 Stone Shaft Mining
24:03 Bow Saw
25:01 Husbandry
25:11 Bloodlines
25:34 Thumb Ring
27:02 Gold Shaft Mining
26:39 Heavy Plow
32:45 Stone Shaft Mining
Mackem Mover16
12:37 Feudal Age
17:57 Castle Age
15:51 Double-Bit Axe
16:16 Horse Collar
21:38 Wheelbarrow
21:29 Gold Mining
21:30 Stone Mining
26:24 Bloodlines
27:37 Fletching
27:48 Padded Archer Armor
27:59 Forging
28:17 Ballistics
30:58 Imperial Age
28:41 Pikeman
29:06 Gambesons
29:22 Squires
30:00 Bow Saw
31:28 Halberdier
33:37 Conscription
nchan55
13:16 Feudal Age
12:11 Loom
17:44 Castle Age
15:53 Gold Mining
16:19 Scale Mail Armor
16:45 Double-Bit Axe
19:38 Forging
19:44 Chain Mail Armor
21:14 Wheelbarrow
22:27 Fletching
23:12 Padded Archer Armor
22:40 Elite Skirmisher
25:50 Ballistics
25:26 Murder Holes
26:38 Horse Collar
27:11 Bow Saw
26:59 Bodkin Arrow
35:34 Imperial Age
宁静致远
12:00 Feudal Age
13:37 Double-Bit Axe
14:52 Fishing Lines
15:53 Town Watch
19:56 Castle Age
25:16 Bow Saw
27:42 Gold Mining
30:34 Horse Collar
35:10 Imperial Age
33:49 Gold Shaft Mining
moisttoilet
0:28 Loom
10:16 Feudal Age
10:44 Town Watch
11:00 Double-Bit Axe
11:51 Gold Mining
12:14 Horse Collar
22:01 Castle Age
22:52 Wheelbarrow
23:11 Medium Warships
22:36 Demolition Ship
26:16 Bow Saw
33:07 Imperial Age
31:51 Clinker Construction
31:52 Siphons
32:02 Stone Mining
Connection lost

Rejoining the realm…

Still unreachable

The connection could not be restored.

Session expired

The server has moved on; the page needs a fresh start.